 Dungeon Crawl Stone Soup version 0.15.2 (webtiles) character file.

526054 magipi the Severer (level 25, -3/144 HPs)
             Began as a Vine Stalker Berserker on Sept 17, 2015.
             Was a High Priest of the Shining One.
             Killed by divine providence
             ... invoked by a greater mummy
              (11 damage)
             ... on Level 2 of the Tomb of the Ancients on Sept 18, 2015.
             The game lasted 06:40:10 (39589 turns).

magipi the Severer (Vine Stalker Berserker)        Turns: 39589, Time: 06:40:10

HP  -3/144       AC 39     Str 31      XL: 25   Next: 46%
MP   0/37        EV 37     Int  6 (11) God: the Shining One [*****.]
Gold 2534        SH  0     Dex 27      Spells:  3 memorised, 23 levels left

rFire  + + .     SeeInvis .     a - +4 executioner's axe "Qesus" {chop, Noisy +Blink +Rage rPois rC+}
rCold  + + .     Clarity  .     g - +4 fire dragon armour (curse)
rNeg   + + .     rCorr    .     (no shield)
rPois  +         rRot     +     j - +2 helmet (curse)
rElec  +         Spirit   +     H - +0 cloak of Starlight {rElec rC+ EV+4 Stlth-}
SustAb .         Warding  .     d - +2 pair of gloves "Phijinga" {rC+ Str+4 Slay+6}
rMut   +         Stasis   .     s - +2 pair of boots {Fly} (curse)
Gourm  .                        u - cursed amulet "Psythes" {rMut Str+3 Dex+3}
MR     +++..                    Y - cursed ring of Qoud {Wiz Str+3 Slay+5}
                                z - cursed ring of Robustness {AC+8}

@: agile, very slightly contaminated, slowed, glowing, very slow, extremely
resistant to hostile enchantments, extremely unstealthy
A: fangs 3, clumsy 1, regeneration 3, magic shield, antimagic bite, no device
heal 3, rot immunity
a: Divine Shield, Cleansing Flame, Summon Divine Warrior, Renounce Religion,
Evoke Blink, Evoke Berserk Rage, Evoke Flight
}: 3/15 runes: decaying, slimy, gossamer


You were on level 2 of the Tomb of the Ancients.
You worshipped the Shining One.
The Shining One was extremely pleased with you.
You were not hungry.

You visited 12 branches of the dungeon, and saw 62 of its levels.
You visited 2 bazaars.
You also visited: Labyrinth.

You collected 7603 gold pieces.
You spent 5069 gold pieces at shops.

Inventory:

Hand weapons
 a - the cursed +4 executioner's axe "Qesus" (weapon) {chop, Noisy +Blink +Rage rPois rC+}
   (Trog gifted it to you on level 2 of the Depths)

   It inflicts extra damage upon your enemies.
   It protects you from cold.
   It protects you from poison.
   It lets you blink.
   It lets you go berserk.
   It may make noises in combat.
   It has a curse placed upon it.
 D - a cursed +7 executioner's axe of electrocution
Missiles
 G - 8 javelins of returning (quivered)
 V - 3 throwing nets
Armour
 d - the cursed +2 pair of gloves "Phijinga" (worn) {rC+ Str+4 Slay+6}
   (You found it on level 6 of the Pits of Slime)

   It affects your strength (+4).
   It affects your accuracy and damage with ranged weapons and melee attacks
   (+6).
   It protects you from cold.
   It has a curse placed upon it.
 g - a cursed +4 fire dragon armour (worn)
 j - a cursed +2 helmet (worn)
 s - a cursed +2 pair of boots of flying (worn)
 H - the cursed +0 cloak of Starlight (worn) {rElec rC+ EV+4 Stlth-}
   (You found it on level 6 of the Dungeon)

   It affects your evasion (+4).
   It protects you from cold.
   It insulates you from electricity.
   It makes you less stealthy.
   It has a curse placed upon it.
Magical devices
 b - a wand of disintegration (11)
 h - a wand of hasting (9)
 E - a wand of polymorph (9)
 T - a wand of digging (9)
Comestibles
 q - 13 meat rations
 N - 17 bread rations
Scrolls
 i - a scroll of silence
 k - 4 scrolls of identify
 o - 9 scrolls of recharging
 w - a scroll of magic mapping
 J - 18 scrolls of remove curse
 M - 10 scrolls of fog
 P - 6 scrolls of fear
 Q - 8 scrolls of teleportation
 U - a scroll of blinking
Jewellery
 t - a cursed ring of teleportation
 u - the cursed amulet "Psythes" (around neck) {rMut Str+3 Dex+3}
   (You bought it in a shop in a bazaar)

   [amulet of resist mutation]

   It protects you from mutation.
   It affects your strength (+3).
   It affects your dexterity (+3).
   It has a curse placed upon it.
 z - the cursed ring of Robustness (left hand) {AC+8}
   (You found it on level 6 of the Pits of Slime)

   [ring of protection]

   It affects your AC (+8).
   It has a curse placed upon it.
 Y - the cursed ring of Qoud (right hand) {Wiz Str+3 Slay+5}
   (You took it off a deep elf knight on level 3 of the Elven Halls)

   [ring of wizardry]

   It improves your spell success rate.
   It affects your strength (+3).
   It affects your accuracy and damage with ranged weapons and melee attacks
   (+5).
   It has a curse placed upon it.
Potions
 e - 7 potions of resistance
 l - 4 potions of magic
 m - a potion of invisibility
 A - 4 potions of cancellation
 C - 13 potions of curing
 I - 6 potions of might
 L - 3 potions of agility
 W - 6 potions of restore abilities
Books
 v - a book of Maledictions

   Spells                             Type                      Level
   Corona                             Hexes                        1
   Sure Blade                         Hexes/Charms                 2
   Ensorcelled Hibernation            Hexes/Ice                    2
   Confuse                            Hexes                        3
   Dazzling Spray                     Conjuration/Hexes            3
   Enslavement                        Hexes                        4
 F - a book of Spatial Translocations

   Spells                             Type                      Level
   *Apportation                       Translocation                1
   *Blink                             Translocation                2
   Shroud of Golubria                 Charms/Translocation         2
   Portal Projectile                  Translocation                3
   Teleport Other                     Translocation                3
   Passage of Golubria                Translocation                4
Miscellaneous
 K - a lamp of fire
 R - a phial of floods
Rods
 y - a cursed +7 rod of striking (11/11)
   (You found it on level 3 of the Crypt)


   Skills:
 - Level 18.6 Fighting
 + Level 20.6 Axes
 - Level 5.0 Throwing
 - Level 17.9 Armour
 - Level 15.9 Dodging
 - Level 4.0 Spellcasting
 + Level 3.1 Charms
 - Level 7.6 Translocations
 - Level 11.0 Evocations


You had 23 spell levels left.
You knew the following spells:

 Your Spells              Type           Power        Failure   Level  Hunger
a - Apportation           Tloc           ##........   1%          1    ##.....
b - Blink                 Tloc           N/A          1%          2    ###....
h - Haste                 Chrm           #.......     100%        6    #######


Dungeon Overview and Level Annotations

Branches:
Dungeon (15/15)            Temple (1/1) D:4             Orc (4/4) D:10
    Elf (3/3) Orc:4          Lair (8/8) D:8           Swamp (5/5) Lair:4
 Spider (5/5) Lair:3        Slime (6/6) Lair:6       Vaults (4/5) D:13
  Crypt (3/3) Vaults:3       Tomb (3/3) Crypt:3      Depths (5/5) D:15
    Zot (0/5) Depths:5

Altars:
Ashenzari
Cheibriados
Dithmenos
Elyvilon
Fedhas
Kikubaaqudgha
Nemelex Xobeh
Okawaru
Qazlal
Sif Muna
Trog
Xom
Yredelemnul
Zin
The Shining One
Beogh
Jiyva
Lugonu

Shops:
Orc:3 =   Orc:4 *![(:   Elf:1 *   Elf:3 (**!   Vaults:1 *   Vaults:4 [

Portals:
Hell: Depths:1 Depths:2 Depths:3 Depths:4 Depths:5
Abyss: Depths:4
Pandemonium: Depths:3 Depths:4
Ziggurat: Depths:2

Annotations:
Swamp:4 Frances
Crypt:3 exclusion: curse skull
Tomb:2 Boris


Innate Abilities, Weirdness & Mutations

You have razor-sharp teeth.
You regenerate.
When hurt, damage is shared between your health and your magic reserves.
Your bite disrupts and absorbs the magic of your enemies.
Potions and wands cannot restore your health.
You are immune to rotting.
You are clumsy. (Dex -2)

Vault maps used:
D:1:      saegor_arrival_simple_f, minmay_misc_feat_tiny
D:2:      uniq_crazy_yiuf_cottage
D:3:      wad_woods_settlement, old_standard_altar, lemuel_another_geyser
D:4:      lemuel_doored_altar, old_standard_altar,
          minmay_temple_entry_water_ring
D:5:      yredelemnul_altar_generic, nicolae_overflow_hidden_temple,
          first_bread, kennysheep_decorative_pillar, uniq_grinder
D:6:      ashenzari_conservatory_becter, elyvilon_altar_5
D:7:      nicolae_qazlal_general_emergency, old_standard_altar,
          grunt_temple_overflow_lords_of_destruction, lemuel_flamethrower_1
D:8:      lair_0_dummy, hangedman_ranch, minivault_1
D:9:      uniq_blork_the_orc
D:10:     david_orc_2
D:13:     david_vaults_1, uniq_gastronok
D:15:     grunt_enter_depths_hoard, basic_altar, lab_entry_generic
Temple:   corrupted_temple
Orc:1:    uniq_maurice
Orc:3:    serial_shops, shop, nicolae_orc_pool_cavern
Orc:4:    serial_shops, shop, basic_altar, grunt_orc_gardens, grunt_orc_garden,
          grunt_orc_garden, grunt_orc_garden, grunt_orc_garden, mines4_lemuel,
          uniq_nergalle
Elf:1:    serial_shops, bzr_entry_gold, shop_fountains, shop,
          grunt_ministairs_1, grunt_megastairs_1
Elf:2:    uniq_nessos
Elf:3:    grunt_elf_hall_spiral, serial_shops, shop, shop, nicolae_shop_crystal,
          nicolae_shop_competitors_out_of_business, glass_columns_b,
          st_stairs_14, evilmike_surprise_oklob
Lair:3:   boulder_dual_corridor_run, spider_nest_entry_web_field,
          grunt_megastairs_2
Lair:4:   minmay_swamp_entry_worms, small_statue_intersection, minivault_24
Lair:5:   grunt_megastairs_3
Lair:6:   slime_altar_1
Lair:7:   basic_altar, roderic_carrion_pond, uniq_harold
Lair:8:   wormcave, hangedman_lair_in_review
Swamp:1:  evilmike_swamp_ruin_house_4, uniq_sonja
Swamp:2:  nicolae_swamp_godswood, swamp_pool4, infiniplex_staircase_pool
Swamp:3:  cheibrodos_swamp_heart_of_darkness, nicolae_swamp_round_clearing,
          swamp_pool3
Swamp:4:  basic_altar, uniq_frances
Swamp:5:  swamp_alternative
Spider:1: uniq_roxanne
Spider:2: uniq_rupert, uniq_agnes
Spider:3: nicolae_orb_stairs_large, uniq_norris
Spider:4: guppyfry_wasp_nest
Spider:5: guppyfry_spider_rune
Slime:5:  nicolae_slime_barrier
Slime:6:  uniq_dissolution
Vaults:1: vaults_room_pools, vaults_mumra_hexcomb, ontoclasm_vaults_ligature,
          ontoclasm_vaults_ring_square, vaults_dpeg_cross, serial_shops,
          nicolae_shop_crystal
Vaults:2: hangedman_vaults_nails, nicolae_vaults_good_morning_starshine,
          vaults_standard_mumra_lines, v_misc_18,
          ontoclasm_vaults_claustrophobia, v_rooms_1, v_misc_24,
          nicolae_vaults_angled_halls, ontoclasm_vaults_ring_square,
          grunt_vaults_twisty, ontoclasm_vaults_chip,
          nicolae_vaults_little_squares_4, nicolae_vaults_shelves_hall,
          nicolae_vaults_little_squares_1, ontoclasm_vaults_idyll,
          infiniplex_enter_wizlab_glasses, uniq_wiglaf
Vaults:3: v_misc_4, hangedman_vaults_snaps, nicolae_vaults_shelves_hall,
          v_rooms_3, dpeg_vaults_monster_row, nicolae_vaults_alarming,
          ontoclasm_vaults_decontamination, nicolae_vaults_border_crossing,
          grunt_vaults_hallway_long, serial_glass, uniq_jory, uniq_jorgrun
Vaults:4: nicolae_vaults_little_ls, nicolae_vaults_display_case,
          v_alt_pattern_4, grunt_vaults_hallway_long, v_misc_8, v_rooms_6,
          v_misc_13, nicolae_vaults_rhombus_7,
          hangedman_vaults_stretched_pinwheel, nicolae_vaults_yaktaur_gun_rack,
          serial_shops, nicolae_shop_behind_doors, uniq_saint_roka
Crypt:1:  crypt_curse_skull
Crypt:2:  st_stairs_1
Crypt:3:  quadcrypt_mu, uniq_xtahua
Tomb:2:   uniq_boris
Depths:1: pf_hell_entry_tar_spiral, dk_noncrumbling_4, lemuel_flamethrower_2
Depths:2: grunt_runaround, serial_shops, hell_entry, pan_entry
Depths:3: evilmike_diamond_2, grunt_hell_horde, serial_shops, bzr_entry_islet,
          pan_entry, hangedman_jelly_panic
Depths:4: cheibrodos_leafed_vault, hell_entry, serial_bayou_ford_a, pan_entry,
          abyss_entry, infiniplex_staircase_star
Depths:5: grunt_zot_entry_tricorne, grunt_hell_entry_dis_old,
          statue_in_the_mist_lemuel
Lab:      labyrinth_mini_lab, nicolae_lab_t_cross, nicolae_lab_statue,
          nicolae_lab_stuck, nicolae_lab_starburst, lab_hedge, nicolae_lab_x,
          nicolae_lab_big_swirl
Bazaar:   bazaar_minmay_generic_d, grunt_bazaar_doublecross


Message History

Something smites you!
* * * LOW HITPOINT WARNING * * *
The red devil completely misses you.
The spectral iron dragon completely misses you.
The spectral iron dragon claws you.
* * * LOW HITPOINT WARNING * * *
The spectral iron dragon completely misses you.
You slash the vampire!
The vampire is severely damaged.
You chop the spectral iron dragon into pieces!!!
You bite the spectral iron dragon, but do no damage.
The spectral iron dragon is almost destroyed.
You completely miss the sixfirhy.
The sixfirhy is moderately wounded.
You hit the mummy priest.
The mummy priest is lightly damaged.
The sixfirhy disappears in a puff of smoke!
The mummy priest mumbles some strange prayers to its god against you.
Something smites you!
* * * LOW HITPOINT WARNING * * *
The red devil misses you. The iron devil completely misses you.
The iron devil misses you.
The vampire is infused with unholy energy.
* * * LOW HITPOINT WARNING * * *
The vampire draws life force from you and is healed!
The spectral iron dragon misses you.
The spectral iron dragon completely misses you.
The spectral iron dragon tramples you.
* * * LOW HITPOINT WARNING * * *
You hold your ground!
The wraith completely misses you.
The mummy priest utters an invocation to its god.
A guardian mummy and a mummy priest come into view.
You slice the mummy priest!!
The mummy priest is moderately damaged.
You hit the iron devil but do no damage.
You slice the vampire!!
You destroy the vampire!
You hit the spectral iron dragon but do no damage.
The spectral iron dragon is almost destroyed.
You hit the wraith.
The wraith is lightly damaged.
You slash the mummy priest!
The mummy priest is moderately damaged.
The greater mummy gestures wildly while chanting.
The mummy priest completely misses you. The red devil barely misses you.
The iron devil completely misses you. x2
The spectral iron dragon completely misses you.
The spectral iron dragon barely misses you.
The spectral iron dragon tramples you.
* * * LOW HITPOINT WARNING * * *
You hold your ground!
The wraith misses you.
The greater mummy calls on the powers of darkness!
Your body is wracked with pain!
* * * LOW HITPOINT WARNING * * *
The mummy priest calls on the powers of darkness!
Your body is wracked with pain!
* * * LOW HITPOINT WARNING * * *
The mummy priest closely misses you. The mummy priest completely misses you.
You slice the mummy priest!!
The mummy priest is almost destroyed.
You slash the mummy priest!
The mummy priest is moderately damaged.
You slice the wraith!!
The wraith is severely damaged.
You slice the spectral iron dragon like a ripe choko!!!
You destroy the spectral iron dragon!
You slash the hellwing! You bite the hellwing!!
The hellwing's magic leaks into the air.
You drain its magic.
The hellwing is almost dead.
You barely miss the iron devil.
The hellwing disappears in a puff of smoke!
The red devil hits you but does no damage.
The iron devil completely misses you. The iron devil misses you.
The wraith closely misses you. The mummy priest completely misses you.
The mummy priest completely misses you. The red devil completely misses you.
Unknown command.
You barely miss the blue devil. You bite the blue devil!! You drain its power.
The blue devil is severely wounded.
You slice the iron devil!!
The iron devil is severely wounded.
You hit the mummy priest but do no damage.
The mummy priest is almost destroyed.
You hit the mummy priest.
The mummy priest is heavily damaged.
You slash the wraith!
You destroy the wraith!
The iron devil misses you. The iron devil completely misses you.
The blue devil barely misses you.
The greater mummy casts a spell.
You hear a distant "Zot"!
The vampire gestures wildly while chanting.
The vampire flickers and vanishes for a moment.
The mummy priest mumbles some strange prayers to its god.
The mummy priest hits you but does no damage.
The red devil completely misses you. The iron devil completely misses you.
The iron devil completely misses you.
The greater mummy points at you and mumbles some strange words.
Something smites you!
You die...

#..............Z.W......
..#.......................
...#.......MM.....?...M...
..M.....VZM3.............
#....WZWWW##.L.....##M
#...MWMMV# #.......#
######.[..MMM4##M........
#....#....4MMW4Z......
#....#....##M@ยง.......
#>...#....##44...##...
#^..^#............#
#....#...............
#.(..#########################
#.......#....^...#^..^.^....#.
#.......#.....^..#.}.....^.^#^
#......^'^.......'...^...[..'^
#.......#...^....#..^...^...#.


You could see 2 greater mummies, Boris, 4 mummy priests, a soul eater, a flayed
ghost, an orange demon, 4 guardian mummies, 2 iron devils, a freezing wraith, a
spectral snapping turtle, a spectral stone giant, a blue devil, a hungry ghost,
2 vampires, a wraith, a red devil, 2 shadows, 3 mummies and an ice dragon
simulacrum.

Table legend:
 A = Kills in this place as a percentage of kills in entire the game.
 B = Kills by you in this place as a percentage of kills by you in the entire game.
 C = Kills by friends in this place as a percentage of kills by friends in the entire game.
 D = Other kills in this place as a percentage of other kills in the entire game.
 E = Experience gained in this place as a percentage of experience gained in the entire game.
 F = Experience gained in this place divided by the number of levels of this place that you have seen.
                   A       B       C       D       E      F
               +-------+-------+-------+-------+-------+----------------------
         Total | 100.0 | 100.0 | 100.0 | 100.0 | 100.0 | 15850.3
       Dungeon |  16.2 |  16.4 |   6.4 |   0.0 |   3.9 | 2708.8
  Orcish Mines |  10.3 |  10.0 |  27.7 |   0.0 |   2.3 | 5935.0
   Elven Halls |   4.9 |   5.0 |   0.0 |  12.5 |   7.2 | 24607.0
          Lair |  15.6 |  16.0 |   0.0 |   0.0 |   7.8 | 10027.9
         Swamp |   5.8 |   6.0 |   0.0 |   0.0 |   5.3 | 10832.8
   Spider Nest |   6.8 |   6.4 |  25.5 |  25.0 |   6.1 | 12606.4
    Slime Pits |   3.7 |   3.7 |   0.0 |   0.0 |   8.1 | 13839.7
        Vaults |  11.2 |  11.3 |  10.6 |   0.0 |  13.8 | 35521.0
         Crypt |   5.1 |   5.2 |   0.0 |  25.0 |   6.9 | 23613.7
          Tomb |   2.0 |   2.0 |   0.0 |  12.5 |   1.6 | 5642.7
        Depths |  18.0 |  17.8 |  27.7 |  25.0 |  36.8 | 75733.4
     Labyrinth |   0.3 |   0.3 |   2.1 |   0.0 |   0.3 | 2715.0
        Bazaar |   0.0 |   0.0 |   0.0 |   0.0 |   0.0 | 193.0
               +-------+-------+-------+-------+-------+----------------------

Vanquished Creatures
  the royal jelly (Slime:6)
  An ancient lich (Crypt:3)
  Saint Roka (Vaults:4)
  3 golden dragons
  Xtahua (Crypt:3)
  5 liches
  5 tentacled monstrosities
  A titan (Depths:4)
  2 deep elf blademasters (Elf:3)
  2 deep elf master archers (Elf:3)
  6 sphinxes
  3 quicksilver dragons
  3 storm dragons
  An Executioner (Elf:3)
  21 acid blobs
  6 azure jellies
  Agnes (Spider:2)
  2 thorn hunters
  An ancient champion (Crypt:2)
  3 tengu reavers
  Roxanne (Spider:1)
  9 fire giants
  A revenant (Crypt:3)
  2 iron dragons (Depths:4)
  7 frost giants
  An orc warlord (Orc:4)
  A ghost moth (Spider:5)
  7 deep elf sorcerers
  7 vault wardens
  Gastronok (D:13)
  The ghost of magipi the Cleaver, a mighty GrSk of Makhleb (Elf:3)
  6 emperor scorpions
  6 spriggan defenders
  3 reapers
  3 war gargoyles (Crypt:3)
  A draconian caller (Depths:5)
  11 very ugly things
  15 stone giants
  The ghost of emiel the Fencer, a powerful HuBe of Trog (Orc:4)
  9 rakshasas
  A grey draconian (Depths:5)
  3 vampire knights
  14 deep elf demonologists
  11 deep elf annihilators
  A pale draconian (Depths:5)
  4 dire elephants
  A mottled draconian (Depths:5)
  A red draconian (Depths:5)
  12 ettins
  2 eidola
  6 deep elf death magi
  3 vault guards
  7 death oozes
  4 minotaurs
  8 mummy priests
  3 jiangshi
  10 fire dragons
  14 great orbs of eyes
  11 yaktaur captains
  8 ironheart preservers
  6 deep elf high priests
  A ravenous feature mimic (Depths:2)
  20 hydras
  Harold (Lair:7)
  4 ice dragons
  A quicksilver dragon skeleton (Crypt:3)
  14 deep troll earth magi
  The ghost of magipi the Cleaver, a powerful VSBe of Trog (D:13)
  Nessos (Elf:2)
  8 spriggan air magi
  2 ravenous item mimics
  4 shambling mangroves
  4 alligators
  9 centaur warriors
  31 death yaks
  10 ogre magi
  2 tengu warriors
  14 spriggan berserkers
  11 deep troll shamans
  27 hell knights
  2 sun demons
  7 orc high priests (Orc:4)
  A titan zombie (Depths:2)
  A storm dragon zombie (Tomb:2)
  Nergalle (Orc:4)
  2 catoblepae
  4 iron trolls
  3 hell hogs (Depths:3)
  2 soul eaters (Tomb:2)
  10 deep elf knights
  2 unseen horrors
  A skeletal warrior (Crypt:3)
  3 shadow wraiths
  10 swamp dragons
  A salamander mystic (Depths:3)
  A fire crab (Vaults:3)
  An anaconda zombie (Crypt:2)
  An ice devil (Orc:4)
  A spriggan druid (Swamp:4)
  10 ironbrand convokers
  7 flayed ghosts
  A lindwurm (Lair:8)
  9 orc knights
  10 orb spiders
  A spectral iron dragon (Tomb:2)
  11 deep elf conjurers
  31 deep trolls
  4 deep elf summoners
  2 giant orange brains
  16 necromancers
  6 hill giants
  30 wolf spiders
  A wizard (D:13)
  40 ugly things
  A wolf spider zombie (Tomb:2)
  16 red wasps
  6 cyclopes
  A manticore (shapeshifter) (Vaults:4)
  A fire giant zombie (Depths:3)
  5 griffons
  3 manticores
  2 frost giant zombies (Depths:2)
  An oklob plant (Elf:3)
  10 orc sorcerers
  13 phantasmal warriors
  2 shining eyes
  2 guardian serpents (shapeshifter)
  7 fire giant skeletons (Crypt:3)
  3 salamanders (Depths:3)
  A mermaid (shapeshifter) (Vaults:3)
  Maurice (Orc:1)
  6 vault sentinels
  6 gargoyles
  2 stone giant skeletons
  An eye of devastation (Slime:5)
  16 elephants
  2 dire elephant zombies
  A human skeleton (Vaults:3)
  4 sixfirhies
  3 smoke demons
  31 yaktaurs
  An orange demon (Vaults:4)
  5 torpor snails
  An item mimic (Orc:4)
  4 black mambas
  A centaur skeleton (D:13)
  10 fire drakes
  An iron devil (Depths:4)
  A yaktaur zombie (Vaults:3)
  18 spiny frogs
  An anaconda simulacrum (Crypt:2)
  2 dire elephant skeletons
  6 komodo dragons
  2 fire drakes (shapeshifter)
  3 tengu conjurers
  2 feature mimics
  30 guardian mummies
  Grinder (D:5)
  9 deep elf priests
  3 hellwings
  A red devil (Vaults:4)
  A moth of wrath zombie (Crypt:1)
  13 demonic crawlers
  19 blink frogs
  61 slime creatures
  3 polar bears
  12 two-headed ogres
  6 freezing wraiths
  3 boulder beetles
  7 giant leeches
  18 jumping spiders
  7 trolls
  A harpy skeleton (Crypt:2)
  A tengu simulacrum (Vaults:3)
  A minotaur skeleton (Lab)
  6 bog bodies
  A troll (shapeshifter) (Depths:4)
  21 ravens
  4 vampires
  3 baby alligators (Swamp:3)
  A raiju (shapeshifter) (Vaults:1)
  A sphinx simulacrum (Vaults:3)
  9 spriggans
  12 shadows
  4 air elementals
  A human simulacrum (Vaults:1)
  A ynoxinul (Depths:5)
  An ettin skeleton (Crypt:2)
  9 basilisks
  2 flying skulls
  5 water elementals
  17 trapdoor spiders
  A trapdoor spider (shapeshifter) (Vaults:3)
  A griffon skeleton (D:14)
  9 fire dragon skeletons (Crypt:3)
  An ice dragon skeleton (Crypt:3)
  2 hill giant zombies
  A spriggan (shapeshifter) (D:13)
  9 wraiths
  26 redbacks
  35 deep elf magi
  3 wyverns
  15 tarantellas
  9 golden eyes
  10 vampire mosquitoes
  61 yaks
  A hill giant skeleton (D:9)
  3 hungry ghosts
  16 hippogriffs
  5 wargs
  14 swamp worms
  An elf skeleton (Depths:2)
  A mottled dragon (Vaults:1)
  2 tengu zombies (Depths:2)
  3 deep troll zombies
  31 deep elf fighters
  7 hell hounds (Depths:3)
  14 wolves
  4 human zombies
  A spiny frog zombie (Crypt:2)
  A hydra simulacrum (Crypt:2)
  An emperor scorpion simulacrum (Crypt:2)
  A soldier ant (D:9)
  20 water moccasins
  6 porcupines
  9 necrophages
  35 ogres
  12 yellow wasps
  15 spiders
  A spiny frog skeleton (Crypt:1)
  4 phantoms
  2 sky beasts
  12 swamp drakes
  A black bear (shapeshifter) (Depths:3)
  40 orc warriors
  3 ice beasts
  A ghost crab zombie (Crypt:1)
  12 crocodiles
  18 centaurs
  2 black bears
  12 boggarts
  An ogre (shapeshifter) (Depths:1)
  2 snapping turtle skeletons (Crypt:3)
  2 boring beetles (Lair:8)
  7 big kobolds
  A brain worm (shapeshifter) (Depths:5)
  An octopode zombie (Crypt:2)
  5 brain worms
  A big kobold (shapeshifter) (Depths:4)
  Blork the orc (D:9)
  19 giant frogs
  A dryad skeleton (Crypt:2)
  23 insubstantial wisps
  3 scorpions
  6 killer bees (D:10)
  5 eyes of draining
  A water moccasin skeleton (Crypt:2)
  An electric eel (Spider:5)
  A hippogriff skeleton (D:5)
  A yak zombie (D:8)
  4 wights
  2 goliath beetles
  15 jellies
  12 hounds
  A demonspawn zombie (Crypt:2)
  26 orc priests
  Crazy Yiuf (D:2)
  8 crimson imps
  2 gnoll shamans
  11 iguanas
  32 orc wizards
  A demonspawn skeleton (Crypt:1)
  A spectral orc (Orc:4)
  8 worker ants
  5 orange rats
  15 sheep
  A hound zombie (D:6)
  A mottled dragon skeleton (D:14)
  21 mummies
  2 shadow imps
  A worm zombie (Crypt:1)
  22 adders
  11 gnolls
  69 green rats
  21 worms
  3 giant geckos
  An ooze (D:5)
  204 orcs
  A ball python (D:4)
  7 bats
  22 goblins
  14 hobgoblins
  12 jackals
  13 quokkas
  3 giant cockroaches
  2 giant newts (D:1)
  2 giant newt zombies
  A hobgoblin skeleton (D:8)
  2 jackal zombies
  33 kobolds
  2 orc zombies (Orc:4)
  13 rats
  A rat skeleton (D:5)
  2 briar patches (Swamp:4)
  2 crawling corpses (Depths:5)
  3 fungi
  9 plants
2411 creatures vanquished.

Vanquished Creatures (collateral kills)
  Jory (Vaults:3)
  A tentacled monstrosity (Depths:2)
  Rupert (Spider:2)
  A tengu reaver (Depths:3)
  2 frost giants (Depths:2)
  2 emperor scorpions (Spider:5)
  An orc warlord (Orc:3)
  Jorgrun (Vaults:3)
  A stone giant (Depths:2)
  A minotaur (Lab)
  A hydra (D:8)
  2 spriggan air magi (Depths:2)
  2 spriggans (Depths:2)
  2 orb spiders (Spider:5)
  A hill giant (Depths:2)
  An orc sorcerer (Orc:3)
  2 wolf spiders
  2 red wasps (Spider:5)
  An orange demon (Swamp:4)
  3 yaktaurs (Vaults:3)
  A jumping spider (Spider:2)
  An air elemental (Depths:2)
  2 redbacks (Spider:2)
  2 orc warriors (Orc:3)
  2 yellow wasps (Depths:2)
  3 orcs (Orc:3)
  2 jackals (D:8)
  6 orc zombies (Orc:3)
48 creatures vanquished.

Vanquished Creatures (others)
  A fire giant (Depths:3)
  An iron troll (Depths:2)
  A deep troll (Depths:3)
  A red wasp (Spider:3)
  A fire giant skeleton (Crypt:3)
  4 trolls
  A jumping spider (Spider:3)
  An iron dragon simulacrum (Tomb:2)
  4 golden eyes (Slime:6)
  A deep elf fighter (Elf:2)
  A yellow wasp (Depths:2)
  2 spiders (Spider:3)
  2 ogres
  14 lost souls
  A wight (Tomb:2)
  A mummy (Tomb:2)
  4 orcs
  4 fungi
  9 plants
54 creatures vanquished.

Grand Total: 2513 creatures vanquished

Notes
Turn   | Place    | Note
--------------------------------------------------------------
     0 | D:1      | magipi, the Vine Stalker Berserker, began the quest for the Orb.
     0 | D:1      | Reached XP level 1. HP: 11/11 MP: 1/1
    81 | D:1      | Reached skill level 3 in Axes
   117 | D:1      | Reached XP level 2. HP: 13/16 MP: 3/3
   333 | D:1      | Acquired Trog's second power
   556 | D:2      | Noticed Crazy Yiuf
   564 | D:2      | Killed Crazy Yiuf
   564 | D:2      | Reached skill level 4 in Axes
   564 | D:2      | Reached XP level 3. HP: 9/19 MP: 2/4
   680 | D:2      | Reached XP level 4. HP: 19/23 MP: 3/5
  1247 | D:3      | Found a blossoming altar of Fedhas.
  1308 | D:3      | Reached skill level 5 in Axes
  1308 | D:3      | Reached XP level 5. HP: 8/27 MP: 2/7
  1863 | D:4      | Reached skill level 6 in Axes
  1863 | D:4      | Gained mutation: You heal very quickly. [vine stalker growth]
  1863 | D:4      | Reached XP level 6. HP: 26/32 MP: 8/8
  1891 | D:4      | Found a staircase to the Ecumenical Temple.
  1908 | Temple   | Entered the Ecumenical Temple
  1971 | D:4      | Found a glowing golden altar of the Shining One.
  2043 | D:4      | Found a bloodstained altar of Trog.
  2275 | D:4      | Noticed a phantom
  2309 | D:4      | Killed a phantom
  2316 | D:5      | Entered Level 5 of the Dungeon
  2402 | D:5      | Found a sparkling altar of Nemelex Xobeh.
  2422 | D:5      | Reached skill level 7 in Axes
  2422 | D:5      | Reached XP level 7. HP: 35/35 MP: 9/9
  2472 | D:5      | Noticed Grinder
  2529 | D:5      | Killed Grinder
  2529 | D:5      | Reached skill level 8 in Axes
  2649 | D:5      | Acquired Trog's third power
  2798 | D:5      | Gained mutation: You have razor-sharp teeth. [vine stalker growth]
  2798 | D:5      | Reached XP level 8. HP: 33/39 MP: 11/11
  2839 | D:5      | Found a basalt altar of Yredelemnul.
  3088 | D:6      | Reached skill level 9 in Axes
  3149 | D:6      | Found a white marble altar of Elyvilon.
  3260 | D:6      | Found a shattered altar of Ashenzari.
  3514 | D:7      | Found a deep blue altar of Sif Muna.
  3674 | D:7      | Found a stormy altar of Qazlal.
  3912 | D:8      | Reached skill level 10 in Axes
  3947 | D:8      | Found a staircase to the Lair.
  4113 | D:8      | Reached XP level 9. HP: 44/44 MP: 12/12
  4167 | D:8      | Noticed a three-headed hydra
  4185 | D:8      | Killed a five-headed hydra
  4185 | D:8      | Reached skill level 5 in Fighting
  4430 | D:8      | Received a gift from Trog
  4430 | D:8      | Reached skill level 5 in Armour
  4462 | D:8      | Noticed a two-headed ogre
  4467 | D:8      | Reached XP level 10. HP: 50/53 MP: 13/13
  4468 | D:8      | Killed a two-headed ogre
  4989 | D:9      | Noticed Blork the orc
  4998 | D:9      | Killed Blork the orc
  5268 | D:10     | Entered Level 10 of the Dungeon
  5476 | D:10     | Found a staircase to the Orcish Mines.
  5557 | D:10     | Got a brightly glowing ring mail
  5568 | D:10     | Identified the +5 ring mail "Psinio Lirusch" {+Rage SInv} (You found it on level 10 of the Dungeon)
  5658 | D:10     | Reached skill level 11 in Axes
  5691 | D:10     | Reached XP level 11. HP: 58/58 MP: 15/15
  5691 | D:10     | Received a gift from Trog
  5936 | D:11     | Noticed a hill giant
  5942 | D:11     | Killed a hill giant
  6424 | D:11     | Noticed a hill giant
  6439 | D:11     | Killed a hill giant
  6571 | D:12     | Reached skill level 12 in Axes
  6808 | D:12     | Noticed an unseen horror
  6816 | D:12     | Killed an unseen horror
  6869 | D:12     | Received a gift from Trog
  6915 | D:12     | Noticed a seven-headed hydra
  6922 | D:12     | Killed a four-headed hydra
  7174 | D:13     | Noticed a four-headed hydra
  7185 | D:13     | Gained mutation: You regenerate. [vine stalker growth]
  7185 | D:13     | Reached XP level 12. HP: 63/63 MP: 14/16
  7191 | D:13     | Killed a one-headed hydra
  7316 | D:13     | Noticed Gastronok
  7357 | D:13     | Killed Gastronok
  7357 | D:13     | Reached skill level 10 in Armour
  7452 | D:13     | Found a gate to the Vaults.
  7453 | D:13     | Noticed a wizard
  7461 | D:13     | Killed a wizard
  7461 | D:13     | Reached skill level 13 in Axes
  7866 | Lair:1   | Entered Level 1 of the Lair of Beasts
  8414 | Lair:1   | Reached skill level 1 in Evocations
  8799 | Lair:2   | Reached XP level 13. HP: 49/67 MP: 17/21
  8920 | Lair:3   | Received a gift from Trog
  8990 | Lair:3   | Found a hole to the Spider Nest.
  9273 | Lair:3   | Reached skill level 14 in Axes
  9374 | Lair:2   | Identified a scroll of acquirement
  9749 | Lair:4   | Reached skill level 5 in Evocations
  9824 | Lair:4   | Found a staircase to the Swamp.
  9914 | Lair:5   | Received a gift from Trog
 10538 | Lair:6   | Reached skill level 5 in Dodging
 10676 | Lair:6   | Reached XP level 14. HP: 72/72 MP: 26/26
 10937 | Lair:7   | Received a gift from Trog
 11003 | Lair:7   | Found a glowing golden altar of the Shining One.
 11044 | Lair:8   | Entered Level 8 of the Lair of Beasts
 11114 | Lair:7   | Noticed Harold
 11128 | Lair:7   | Killed Harold
 11333 | Lair:7   | Reached skill level 15 in Axes
 11566 | Lair:8   | Got a vibrating platinum ring
 11570 | Lair:8   | Identified the ring of Wanlash {SustAb Str-2 Dex+3 Int+2} (You found it on level 8 of the Lair of Beasts)
 11621 | Lair:8   | Received a gift from Trog
 11895 | Lair:8   | Got a faintly humming chain mail
 11925 | Lair:8   | Identified the cursed -2 chain mail "Stromeng" {rN+} (You found it on level 8 of the Lair of Beasts)
 11952 | Lair:8   | Received a gift from Trog
 12229 | Lair:8   | Reached XP level 15. HP: 69/75 MP: 29/29
 12479 | Lair:8   | Reached skill level 10 in Evocations
 12666 | Lair:8   | Received a gift from Trog
 12708 | Lair:7   | Identified the Compendium of Dislocated Toxins (You found it on level 7 of the Lair of Beasts)
 12778 | Lair:6   | Found a viscous altar of Jiyva.
 12779 | Lair:6   | Found a staircase to the Slime Pits.
 13045 | Orc:1    | Entered Level 1 of the Orcish Mines
 13253 | Orc:1    | Noticed Maurice
 13259 | Orc:1    | Killed Maurice
 13628 | Orc:2    | Received a gift from Trog
 13679 | Orc:3    | Found Saypeuc's Jewellery Shoppe.
 13958 | Orc:4    | Entered Level 4 of the Orcish Mines
 13959 | Orc:4    | Found a roughly hewn altar of Beogh.
 13959 | Orc:4    | Found a staircase to the Elven Halls.
 14004 | Orc:4    | Noticed Nergalle
 14012 | Orc:4    | Killed Nergalle
 14054 | Orc:4    | Reached skill level 16 in Axes
 14188 | Orc:4    | Noticed emiel's ghost (powerful HuBe)
 14211 | Orc:4    | Killed emiel's ghost
 14283 | Orc:4    | Found Koucaufo's Book Boutique.
 14353 | Orc:4    | Received a gift from Trog
 14481 | Orc:4    | Found Wazipyu's Antique Weapon Shop.
 14571 | Orc:4    | Found Vywk's Antique Armour Shop.
 14641 | Orc:4    | Bought a jewelled ring mail for 180 gold pieces
 14641 | Orc:4    | Bought a pair of runed boots for 90 gold pieces
 14658 | Orc:4    | Identified the +6 ring mail "Stamn" {Stlth++} (You bought it in a shop on level 4 of the Orcish Mines)
 14750 | Orc:4    | Found Chuompur's Distillery.
 14788 | Orc:4    | Found Inowueq's General Store.
 14868 | Orc:4    | Received a gift from Trog
 14916 | Orc:3    | Bought an uncursed ring of positive energy for 240 gold pieces
 14916 | Orc:3    | Bought an uncursed amulet of resist corrosion for 240 gold pieces
 14916 | Orc:3    | Bought an uncursed ring of protection from cold for 300 gold pieces
 14916 | Orc:3    | Bought a cursed amulet of inaccuracy for 24 gold pieces
 15357 | Spider:1 | Entered Level 1 of the Spider Nest
 15530 | Spider:2 | Noticed Agnes
 15535 | Spider:2 | Killed Agnes
 15539 | Spider:2 | Reached XP level 16. HP: 50/81 MP: 24/31
 15579 | Spider:2 | Noticed Rupert
 15618 | Spider:2 | Killed Rupert
 15730 | Spider:1 | Noticed Roxanne
 16122 | Spider:1 | Killed Roxanne
 16122 | Spider:1 | Reached skill level 10 in Dodging
 16127 | Spider:1 | Identified Roxanne's Compendium of Destructive Clay (You took it off Roxanne on level 1 of the Spider Nest)
 16307 | Spider:3 | Received a gift from Trog
 16806 | Spider:5 | Entered Level 5 of the Spider Nest
 17233 | Spider:5 | Paralysed by a red wasp for 3 turns
 17360 | Spider:5 | Received a gift from Trog
 17379 | Spider:5 | Reached XP level 17. HP: 64/88 MP: 32/32
 17414 | Spider:5 | Reached skill level 10 in Fighting
 17420 | Spider:5 | Got a gossamer rune of Zot
 17718 | Swamp:1  | Entered Level 1 of the Swamp
 18205 | Swamp:3  | Received a gift from Trog
 18284 | Swamp:4  | Found a bloodstained altar of Trog.
 18497 | Swamp:4  | Noticed Frances
 18613 | Swamp:5  | Entered Level 5 of the Swamp
 19204 | Swamp:5  | Received a gift from Trog
 19292 | Swamp:5  | Got a decaying rune of Zot
 19364 | Swamp:3  | Identified the Disquisition on Earthen Displacement (You found it on level 3 of the Swamp)
 20142 | D:13     | Noticed magipi's ghost (powerful VSBe)
 20150 | D:13     | Killed magipi's ghost
 20199 | D:13     | Noticed a hill giant
 20205 | D:13     | Killed a hill giant
 20205 | D:13     | Reached XP level 18. HP: 94/96 MP: 32/32
 20405 | D:15     | Entered Level 15 of the Dungeon
 20445 | D:15     | Found a labyrinth entrance.
 20458 | Lab      | Entered a labyrinth
 20650 | Lab      | Got a twisted chain mail
 20667 | Lab      | Identified the +4 chain mail "Mnajoekk" {rC+} (You found it in a labyrinth)
 20787 | Lab      | Identified a +2 rod of striking (11/13) (You took it off a minotaur in a labyrinth)
 20808 | Lab      | Identified Cerebov's Volume of Flamy Confrontation (You found it in a labyrinth)
 20863 | D:15     | Found a glowing golden altar of the Shining One.
 21071 | D:15     | Received a gift from Trog
 21331 | D:15     | Reached skill level 1 in Throwing
 21347 | D:15     | Found a staircase to the Depths.
 21508 | Vaults:1 | Entered Level 1 of the Vaults
 21943 | Vaults:2 | Received a gift from Trog
 22546 | Vaults:1 | Found Celot's General Store.
 22765 | Vaults:2 | Received a gift from Trog
 22806 | Vaults:2 | Reached skill level 17 in Axes
 22884 | Vaults:3 | Reached skill level 5 in Throwing
 22977 | Vaults:3 | Noticed Jorgrun
 22982 | Vaults:3 | Killed Jorgrun
 23197 | Vaults:3 | Reached XP level 19. HP: 94/100 MP: 30/33
 23249 | Vaults:4 | Received a gift from Trog
 23618 | Vaults:3 | Noticed Jory
 23639 | Vaults:3 | Killed Jory
 23677 | Vaults:3 | Received a gift from Trog
 23881 | Vaults:3 | Found a staircase to the Crypt.
 23941 | Vaults:3 | Reached skill level 15 in Armour
 24089 | Vaults:4 | Noticed Saint Roka
 24112 | Vaults:4 | Killed Saint Roka
 24112 | Vaults:4 | Reached skill level 18 in Axes
 24546 | Vaults:4 | Received a gift from Trog
 24722 | Vaults:4 | Found Xoaw's Armour Shop.
 25617 | D:10     | Received a gift from Trog
 25681 | Elf:1    | Entered Level 1 of the Elven Halls
 25697 | Elf:1    | Found Kauduam's Antique Weapon Shoppe.
 25706 | Elf:1    | Kauduam's Antique Weapon Shoppe was a mimic.
 25714 | Elf:1    | Reached XP level 20. HP: 107/107 MP: 34/34
 25788 | Elf:1    | Found Gaogroil's General Store.
 25794 | Elf:1    | Bought a potion of invisibility for 66 gold pieces
 25841 | Elf:1    | Found a flickering gateway to a bazaar.
 25879 | Bazaar   | Entered a bazaar
 25903 | Bazaar   | Found Acricuopp's Gadget Boutique.
 25910 | Bazaar   | Bought a wand of magic darts (12) for 54 gold pieces
 25943 | Bazaar   | Found Zyihy's Jewellery Emporium.
 25990 | Bazaar   | Found Boarrel's Jewellery Emporium.
 26048 | Bazaar   | Found Sais' Jewellery Emporium.
 26052 | Bazaar   | Sais' Jewellery Emporium was a mimic.
 26084 | Bazaar   | Bought a wand of fire (4) for 208 gold pieces
 26123 | Bazaar   | Bought a cursed ring of teleportation for 159 gold pieces
 26123 | Bazaar   | Bought the ring "Ettit" {rElec MP+9} for 374 gold pieces
 26123 | Bazaar   | Bought an uncursed amulet of clarity for 220 gold pieces
 26123 | Bazaar   | Bought an uncursed ring of see invisible for 165 gold pieces
 26123 | Bazaar   | Bought an uncursed ring of poison resistance for 220 gold pieces
 26166 | Bazaar   | Bought the amulet "Psythes" {rMut Str+3 Dex+3} for 715 gold pieces
 26634 | Elf:2    | Noticed Nessos
 26655 | Elf:2    | Killed Nessos
 26849 | Elf:1    | Received a gift from Trog
 26994 | Elf:3    | Entered Level 3 of the Elven Halls
 26997 | Elf:3    | Noticed magipi's ghost (mighty GrSk)
 27035 | Elf:3    | Killed magipi's ghost
 27080 | Elf:3    | Found Ghaku's General Store.
 27097 | Elf:3    | Bought a wand of draining (5) for 153 gold pieces
 27270 | Elf:3    | Found Suddy Luuwu's Distillery.
 27277 | Elf:3    | Received a gift from Trog
 27289 | Elf:3    | Bought a potion of curing for 32 gold pieces
 27289 | Elf:3    | Bought a potion of curing for 32 gold pieces
 27289 | Elf:3    | Bought a potion of curing for 32 gold pieces
 27289 | Elf:3    | Bought a potion of curing for 32 gold pieces
 27289 | Elf:3    | Bought a potion of haste for 112 gold pieces
 27333 | Elf:3    | Found Bleawir's Assorted Antiques.
 27344 | Elf:3    | Bought a glass wand for 112 gold pieces
 27344 | Elf:3    | Bought a scroll of enchant armour for 210 gold pieces
 27344 | Elf:3    | Bought a pair of runed gloves for 126 gold pieces
 27605 | Elf:3    | Found Yschik's Weapon Emporium.
 27670 | Elf:3    | Noticed a Brimstone Fiend
 27869 | Elf:3    | Reached skill level 19 in Axes
 28081 | Elf:3    | Received a gift from Trog
 28388 | Elf:3    | Got a faintly glowing granite ring
 28396 | Elf:3    | Identified the ring of Qoud {Wiz Str+3 Slay+5} (You took it off a deep elf knight on level 3 of the Elven Halls)
 28402 | Elf:3    | Got a wavering steel ring
 28429 | Elf:3    | Identified Olgreb's Disquisition on Venom (You found it on level 3 of the Elven Halls)
 28496 | Elf:3    | Identified the ring of Equivalence {Contam +Rage rElec SInv Stlth-} (You took it off a deep elf knight on level 3 of the Elven Halls)
 28528 | Elf:3    | Identified the Collected Works on Stolen Souls (You found it on level 3 of the Elven Halls)
 28694 | Elf:2    | Received a gift from Trog
 29057 | Depths:1 | Entered Level 1 of the Depths
 29328 | Depths:1 | Found a gateway to Hell.
 29399 | Depths:1 | Received a gift from Trog
 29467 | Depths:1 | Reached XP level 21. HP: 116/116 MP: 34/34
 29771 | Depths:2 | Found a one-way gate leading to the halls of Pandemonium.
 29777 | Depths:2 | the one-way gate leading to the halls of Pandemonium was a mimic.
 30088 | Depths:2 | Found a gateway to a ziggurat.
 30243 | Depths:2 | Received a gift from Trog
 30243 | Depths:2 | Reached skill level 15 in Fighting
 30271 | Depths:2 | Reached skill level 20 in Axes
 30417 | Depths:2 | Received a gift from Trog
 30428 | Depths:2 | Got a faintly glowing executioner's axe {god gift}
 30429 | Depths:2 | Identified the +4 executioner's axe "Qesus" {chop, Noisy +Blink +Rage rPois rC+} (Trog gifted it to you on level 2 of the Depths)
 30813 | Depths:2 | Received a gift from Trog
 30984 | Depths:2 | Reached XP level 22. HP: 108/123 MP: 31/35
 31032 | Depths:2 | Received a gift from Trog
 31087 | Depths:2 | Got a transparent leather armour
 31088 | Depths:2 | Identified the +2 leather armour of a labyrinth {rElec SInv} (You found it on level 2 of the Depths)
 31180 | Depths:2 | Received a gift from Trog
 31246 | Depths:3 | Found a gateway to a bazaar.
 31382 | Bazaar   | Entered a bazaar
 31388 | Bazaar   | Found Copaq's General Store.
 31388 | Bazaar   | Found Lyhaph's Weapon Emporium.
 31423 | Bazaar   | Found Esoerayt's Distillery.
 31424 | Bazaar   | Found Jaell's Gadget Shoppe.
 31443 | Bazaar   | Bought a potion of agility for 32 gold pieces
 31443 | Bazaar   | Bought a potion of resistance for 91 gold pieces
 31443 | Bazaar   | Bought a potion of invisibility for 71 gold pieces
 31443 | Bazaar   | Bought a potion of cancellation for 71 gold pieces
 31443 | Bazaar   | Bought a potion of haste for 91 gold pieces
 31443 | Bazaar   | Bought a potion of cure mutation for 455 gold pieces
 31464 | Bazaar   | Bought a scroll of enchant armour for 97 gold pieces
 31464 | Bazaar   | Bought a meat ration for 65 gold pieces
 31745 | Depths:3 | Found a one-way gate leading to the halls of Pandemonium.
 31840 | Depths:3 | Received a gift from Trog
 32517 | Depths:3 | Found a viscous altar of Jiyva.
 32606 | Depths:3 | Received a gift from Trog
 32718 | Depths:3 | Reached XP level 23. HP: 119/130 MP: 36/36
 33196 | Depths:4 | Received a gift from Trog
 33482 | Depths:4 | Found a one-way gate to the infinite horrors of the Abyss.
 33497 | Depths:5 | Entered Level 5 of the Depths
 33696 | Depths:5 | Received a gift from Trog
 33919 | Depths:5 | Reached skill level 15 in Dodging
 34068 | Depths:5 | Reached XP level 24. HP: 137/137 MP: 36/36
 34131 | Depths:5 | Found a gate to the Realm of Zot.
 34945 | Lair:6   | Received a gift from Trog
 35081 | Slime:1  | Entered Level 1 of the Pits of Slime
 35142 | Slime:2  | Gained mutation: You are clumsy. (Dex -2) [a shining eye]
 35394 | Slime:6  | Entered Level 6 of the Pits of Slime
 35438 | Slime:6  | Found a viscous altar of Jiyva.
 35452 | Slime:6  | Noticed the royal jelly
 35465 | Slime:6  | Killed the royal jelly
 35521 | Slime:6  | Got a slimy rune of Zot
 35543 | Slime:6  | Got a pair of pitted gloves
 35544 | Slime:6  | Identified the +2 pair of gloves "Phijinga" {rC+ Str+4 Slay+6} (You found it on level 6 of the Pits of Slime)
 35605 | Slime:6  | Got a wavering golden amulet
 35606 | Slime:6  | Identified the amulet "Phiel" {Stasis Contam MR+ Slay+4} (You found it on level 6 of the Pits of Slime)
 36088 | D:9      | Received a gift from Trog
 36986 | D:15     | Fell from the grace of Trog
 36986 | D:15     | Became a worshipper of the Shining One
 37014 | D:15     | Learned a level 1 spell: Apportation
 37018 | D:15     | Learned a level 2 spell: Blink
 37279 | Crypt:1  | Entered Level 1 of the Crypt
 37317 | Crypt:1  | Reached skill level 1 in Spellcasting
 37317 | Crypt:1  | Reached skill level 1 in Translocations
 37430 | Crypt:2  | Acquired the Shining One's first power
 37729 | Crypt:3  | Entered Level 3 of the Crypt
 37788 | Crypt:2  | Acquired the Shining One's second power
 37874 | Crypt:3  | Reached XP level 25. HP: 121/144 MP: 32/37
 38109 | Crypt:3  | Reached skill level 5 in Translocations
 38238 | Crypt:3  | Found a staircase to the Tomb.
 38358 | Crypt:3  | Got a flickering amber ring
 38359 | Crypt:3  | Identified the ring "Naeplaen" {Str+2 Int+2 Stlth+} (You found it on level 3 of the Crypt)
 38533 | Crypt:3  | Noticed Xtahua
 38559 | Crypt:3  | Killed Xtahua
 38695 | Crypt:3  | Acquired the Shining One's third power
 38729 | Crypt:3  | Found an ancient bone altar of Kikubaaqudgha.
 38752 | Crypt:3  | Noticed an ancient lich
 38771 | Crypt:3  | Killed an ancient lich
 38788 | Crypt:3  | Got a transparent glass ring
 38789 | Crypt:3  | Identified the cursed ring "Ghiyttagai" {-Cast +Fly rN+ Str-3} (You found it on level 3 of the Crypt)
 38828 | Crypt:3  | Identified the Tome of Execration
 38862 | Crypt:3  | Learned a level 6 spell: Haste
 39244 | Tomb:1   | Entered Level 1 of the Tomb of the Ancients
 39270 | Tomb:1   | Noticed a greater mummy
 39270 | Tomb:1   | Noticed a greater mummy
 39270 | Tomb:1   | Noticed a greater mummy
 39270 | Tomb:1   | Noticed a greater mummy
 39272 | Tomb:1   | Reached skill level 1 in Charms
 39273 | Tomb:1   | Noticed a greater mummy
 39408 | Tomb:3   | Entered Level 3 of the Tomb of the Ancients
 39494 | Tomb:2   | Acquired the Shining One's fourth power
 39532 | Tomb:2   | Noticed Boris
 39542 | Tomb:2   | Noticed a greater mummy
 39552 | Tomb:2   | Noticed a greater mummy
 39587 | Tomb:2   | HP: 7/144 [greater mummy/torment (2)]
 39589 | Tomb:2   | Killed from afar by a greater mummy

Action                   |  1- 3 |  4- 6 |  7- 9 | 10-12 | 13-15 | 16-18 | 19-21 | 22-24 | 25-27 || total
-------------------------+-------+-------+-------+-------+-------+-------+-------+-------+-------++-------
Melee: Hand axe          |    76 |    48 |       |       |       |       |       |       |       ||   124
       War axe           |       |   153 |   253 |       |       |       |       |       |       ||   406
       Battleaxe         |       |       |     5 |   448 |  1100 |  1163 |  1396 |  1163 |       ||  5275
       Executioner's axe |       |       |       |       |       |       |       |    90 |   236 ||   326
 Fire: Blowgun           |       |       |       |     4 |     8 |    40 |       |       |       ||    52
Throw: Javelin           |       |       |       |       |       |     8 |       |       |       ||     8
 Cast: Apportation       |       |       |       |       |       |       |       |     2 |     2 ||     4
Invok: Berserk           |     2 |     3 |     6 |    12 |    10 |    14 |     6 |     5 |       ||    58
       Brothers in Arms  |       |       |     3 |       |     2 |     6 |     7 |     2 |       ||    20
       Trog's Hand       |       |       |       |     2 |     9 |    14 |    34 |    16 |       ||    75
 Abil: Stop Flying       |       |       |       |       |     1 |       |     1 |     1 |       ||     3
       Evoke Flight      |       |       |       |       |       |     4 |       |     1 |       ||     5
       Evoke Blink       |       |       |       |       |       |       |       |       |     3 ||     3
Evoke: Wand              |       |       |     1 |     3 |     3 |     7 |    14 |     9 |     1 ||    38
  Use: Scroll            |       |       |    13 |    20 |    12 |    13 |    11 |    18 |     6 ||    93
       Potion            |       |       |       |       |       |    11 |    10 |     6 |     4 ||    31
 Stab: Confused          |       |       |       |       |     1 |       |       |       |       ||     1
       Paralysed         |       |       |       |       |       |     1 |       |       |       ||     1
       Distracted        |       |       |       |       |       |     1 |     5 |       |       ||     6
       Invisible         |       |       |       |       |       |       |    24 |       |       ||    24
  Eat: Chunk             |       |     7 |     8 |     2 |     5 |     1 |     4 |     1 |       ||    28
       Fruit             |       |     2 |       |     9 |     3 |     7 |       |    12 |     4 ||    37
       Beef jerky        |       |     1 |     1 |     2 |     1 |     1 |     1 |     4 |       ||    11
       Pizza             |       |       |     1 |     6 |       |     1 |       |     1 |       ||     9
       Royal jelly       |       |       |     1 |     3 |     1 |       |       |     1 |     1 ||     7
       Bread ration      |       |       |       |       |     5 |     4 |     2 |       |     1 ||    12
       Meat ration       |       |       |       |       |     1 |     4 |     3 |     2 |       ||    10

Action                   |  1- 3 |  4- 6 |  7- 9 | 10-12 | 13-15 | 16-18 | 19-21 | 22-24 | 25-27 || total
-------------------------+-------+-------+-------+-------+-------+-------+-------+-------+-------++-------
Melee: Hand axe          |    76 |    48 |       |       |       |       |       |       |       ||   124
       War axe           |       |   153 |   253 |       |       |       |       |       |       ||   406
       Battleaxe         |       |       |     5 |   448 |  1100 |  1163 |  1396 |  1163 |       ||  5275
       Executioner's axe |       |       |       |       |       |       |       |    90 |   236 ||   326
 Fire: Blowgun           |       |       |       |     4 |     8 |    40 |       |       |       ||    52
Throw: Javelin           |       |       |       |       |       |     8 |       |       |       ||     8
 Cast: Apportation       |       |       |       |       |       |       |       |     2 |     2 ||     4
Invok: Berserk           |     2 |     3 |     6 |    12 |    10 |    14 |     6 |     5 |       ||    58
       Brothers in Arms  |       |       |     3 |       |     2 |     6 |     7 |     2 |       ||    20
       Trog's Hand       |       |       |       |     2 |     9 |    14 |    34 |    16 |       ||    75
 Abil: Stop Flying       |       |       |       |       |     1 |       |     1 |     1 |       ||     3
       Evoke Flight      |       |       |       |       |       |     4 |       |     1 |       ||     5
       Evoke Blink       |       |       |       |       |       |       |       |       |     3 ||     3
Evoke: Wand              |       |       |     1 |     3 |     3 |     7 |    14 |     9 |     1 ||    38
  Use: Scroll            |       |       |    13 |    20 |    12 |    13 |    11 |    18 |     6 ||    93
       Potion            |       |       |       |       |       |    11 |    10 |     6 |     4 ||    31
 Stab: Confused          |       |       |       |       |     1 |       |       |       |       ||     1
       Paralysed         |       |       |       |       |       |     1 |       |       |       ||     1
       Distracted        |       |       |       |       |       |     1 |     5 |       |       ||     6
       Invisible         |       |       |       |       |       |       |    24 |       |       ||    24
  Eat: Chunk             |       |     7 |     8 |     2 |     5 |     1 |     4 |     1 |       ||    28
       Fruit             |       |     2 |       |     9 |     3 |     7 |       |    12 |     4 ||    37
       Beef jerky        |       |     1 |     1 |     2 |     1 |     1 |     1 |     4 |       ||    11
       Pizza             |       |       |     1 |     6 |       |     1 |       |     1 |       ||     9
       Royal jelly       |       |       |     1 |     3 |     1 |       |       |     1 |     1 ||     7
       Bread ration      |       |       |       |       |     5 |     4 |     2 |       |     1 ||    12
       Meat ration       |       |       |       |       |     1 |     4 |     3 |     2 |       ||    10

Action                   |  1- 3 |  4- 6 |  7- 9 | 10-12 | 13-15 | 16-18 | 19-21 | 22-24 | 25-27 || total
-------------------------+-------+-------+-------+-------+-------+-------+-------+-------+-------++-------
Melee: Hand axe          |    76 |    48 |       |       |       |       |       |       |       ||   124
       War axe           |       |   153 |   253 |       |       |       |       |       |       ||   406
       Battleaxe         |       |       |     5 |   448 |  1100 |  1163 |  1396 |  1163 |       ||  5275
       Executioner's axe |       |       |       |       |       |       |       |    90 |   236 ||   326
 Fire: Blowgun           |       |       |       |     4 |     8 |    40 |       |       |       ||    52
Throw: Javelin           |       |       |       |       |       |     8 |       |       |       ||     8
 Cast: Apportation       |       |       |       |       |       |       |       |     2 |     2 ||     4
Invok: Berserk           |     2 |     3 |     6 |    12 |    10 |    14 |     6 |     5 |       ||    58
       Brothers in Arms  |       |       |     3 |       |     2 |     6 |     7 |     2 |       ||    20
       Trog's Hand       |       |       |       |     2 |     9 |    14 |    34 |    16 |       ||    75
 Abil: Stop Flying       |       |       |       |       |     1 |       |     1 |     1 |       ||     3
       Evoke Flight      |       |       |       |       |       |     4 |       |     1 |       ||     5
       Evoke Blink       |       |       |       |       |       |       |       |       |     3 ||     3
Evoke: Wand              |       |       |     1 |     3 |     3 |     7 |    14 |     9 |     1 ||    38
  Use: Scroll            |       |       |    13 |    20 |    12 |    13 |    11 |    18 |     6 ||    93
       Potion            |       |       |       |       |       |    11 |    10 |     6 |     4 ||    31
 Stab: Confused          |       |       |       |       |     1 |       |       |       |       ||     1
       Paralysed         |       |       |       |       |       |     1 |       |       |       ||     1
       Distracted        |       |       |       |       |       |     1 |     5 |       |       ||     6
       Invisible         |       |       |       |       |       |       |    24 |       |       ||    24
  Eat: Chunk             |       |     7 |     8 |     2 |     5 |     1 |     4 |     1 |       ||    28
       Fruit             |       |     2 |       |     9 |     3 |     7 |       |    12 |     4 ||    37
       Beef jerky        |       |     1 |     1 |     2 |     1 |     1 |     1 |     4 |       ||    11
       Pizza             |       |       |     1 |     6 |       |     1 |       |     1 |       ||     9
       Royal jelly       |       |       |     1 |     3 |     1 |       |       |     1 |     1 ||     7
       Bread ration      |       |       |       |       |     5 |     4 |     2 |       |     1 ||    12
       Meat ration       |       |       |       |       |     1 |     4 |     3 |     2 |       ||    10
